 Dungeon Crawl Stone Soup version 0.20.1-1-g8b1a95d (webtiles) character file.

215 Mimshu the Slasher (level 5, 0/42 HPs)
             Began as a Merfolk Berserker on Nov 30, 2017.
             Was a Priest of Trog.
             Slain by a gnoll
             ... wielding a +0 halberd
              (8 damage)
             ... on level 3 of the Dungeon.
             The game lasted 00:06:57 (2496 turns).

Mimshu the Slasher (Merfolk Berserker)              Turns: 2496, Time: 00:06:58

Health: 0/42       AC:  8    Str: 19    XL:     5   Next: 92%
Magic:  5/5        EV: 11    Int:  6    God:    Trog [***...]
Gold:   100        SH:  0    Dex: 13    Spells: 4/4 levels left

rFire    . . .     SeeInvis .   a - +0 falchion
rCold    . . .     Gourm    .   (no shield)
rNeg     . . .     Faith    .   o - +0 scale mail
rPois    .         Spirit   .   g - +1 hat
rElec    .         Reflect  .   (no cloak)
rCorr    .         Harm     .   w - +0 pair of gloves
MR       .....                  (no boots)
Stlth    ..........             (no amulet)
Regen    0.2/turn               (no ring)
MPRegen  0.1/turn               (no ring)

@: no status effects
A: change form in water, swift swim, stealthy swim
a: Berserk, Trog's Hand, Burn Spellbooks, Renounce Religion


You were on level 3 of the Dungeon.
You worshipped Trog.
Trog was most pleased with you.
You were not hungry.

You visited 1 branch of the dungeon, and saw 3 of its levels.

You collected 100 gold pieces.

Inventory:

Hand Weapons
 a - a +0 falchion (weapon)
Missiles
 p - 80 stones (quivered)
Armour
 b - a +0 animal skin
 g - a +1 hat (worn)
 k - a +0 chain mail
 o - a +0 scale mail (worn)
 q - a +0 ring mail
 r - a +0 chain mail
 w - a +0 pair of gloves (worn)
Jewellery
 j - a cursed ring of positive energy
Scrolls
 m - a scroll of remove curse {unknown}
Potions
 d - a potion of ambrosia {unknown}
 e - a potion of curing {unknown}
 f - a potion of agility {unknown}
 h - a potion of flight {unknown}
 i - a potion of heal wounds {unknown}
 l - a potion of invisibility {unknown}
 s - a potion of haste {unknown}
 t - a potion of degeneration {unknown}
Comestibles
 c - a bread ration
 n - a meat ration
 u - 3 chunks of flesh
 v - a royal jelly


   Skills:
 + Level 4.0 Fighting
 + Level 5.2 Long Blades
 + Level 2.3 Armour
 + Level 4.0 Dodging
 + Level 0.8 Stealth


You had 4 spell levels left.
You didn't know any spells.

Dungeon Overview and Level Annotations

Branches:
Dungeon (3/15)

Altars:
Uskayaw


Message History

The gnoll closely misses you. The orc barely misses you.
The gnoll hits you from afar with a halberd!
The gnoll hits you with a halberd!
You hit the gnoll.
The gnoll is moderately wounded.
The orc hits you but does no damage. The gnoll hits you but does no damage.
The gnoll hits you with a halberd. The orc barely misses you.
You hit the orc but do no damage. The orc hits you.
The gnoll closely misses you. The gnoll hits you but does no damage.
The gnoll misses you. The orc hits you but does no damage.
The gnoll hits you from afar with a halberd.
* * * LOW HITPOINT WARNING * * *
The orc hits you with a hand axe.
* * * LOW HITPOINT WARNING * * *
You slash the orc!
You kill the orc!
Trog accepts your kill.
The gnoll hits you from afar with a halberd!
You die...

#.# #...........# #.#
#.........[.# #.#
#...........# #.#
####...........# #.#
#..............# #### #.#
#..............#
#....#.#########...........#
#....ogo............#.###
#.#oog.)@...........#.# #
################### #


You could see 2 gnolls and 4 orcs.

Vanquished Creatures
  The ghost of ManOfNut3 the Sneak, an amateur VSAs (D:3)
  Natasha (twice) (D:2)
  2 adders (D:2)
  An ooze (D:1)
  3 worms
  3 dart slugs
  2 leopard geckos
  2 orcs (D:3)
  2 giant cockroaches (D:2)
  4 goblins
  6 hobgoblins
  10 jackals
  4 kobolds
  A quokka (D:3)
  A ball python (D:1)
  6 bats (D:1)
  3 frilled lizards
  7 rats
60 creatures vanquished.

Notes
Turn   | Place    | Note
-------+----------+-------------------------------------------
     0 | D:1      | Mimshu the Merfolk Berserker began the quest for the Orb.
     0 | D:1      | Reached XP level 1. HP: 18/18 MP: 1/1
   128 | D:1      | Reached XP level 2. HP: 24/24 MP: 2/2
   623 | D:1      | Reached XP level 3. HP: 26/29 MP: 3/3
   770 | D:2      | Reached skill level 4 in Long Blades
   819 | D:2      | Reached ** piety under Trog
   957 | D:2      | Found a faded altar of an unknown god.
   978 | D:2      | Noticed Natasha
   981 | D:2      | Found a hide-covered altar of Uskayaw.
   994 | D:2      | Killed Natasha
   994 | D:2      | Reached XP level 4. HP: 25/35 MP: 4/4
  1478 | D:2      | Noticed Natasha
  1486 | D:2      | Killed Natasha
  1763 | D:2      | Reached XP level 5. HP: 42/42 MP: 5/5
  2259 | D:3      | Noticed ManOfNut3's ghost (amateur VSAs)
  2284 | D:3      | Killed ManOfNut3's ghost
  2284 | D:3      | Reached skill level 5 in Long Blades
  2496 | D:3      | Reached *** piety under Trog
  2496 | D:3      | Slain by a gnoll

Skill      XL: |  1  2  3  4  5 |
---------------+----------------+-----
Dodging        | 3 4 |  4.0
Long Blades    | 4 5 |  5.2
Armour         | 2 |  2.3
Fighting       | 4 |  4.0
Stealth        | |  0.8

Action                   |  1- 3 |  4- 6 || total
-------------------------+-------+-------++-------
Melee: Falchion          |   110 |   140 ||   250
  Use: Scroll            |     2 |     1 ||     3
  Eat: Chunk             |       |     2 ||     2
       Bread ration      |       |     1 ||     1
Armor: Animal skin       |    30 |       ||    30
       Chain mail        |    11 |       ||    11
       Scale mail        |    10 |    54 ||    64
Dodge: Dodged            |    80 |    97 ||   177
       Rpst.: Falchion   |    30 |    27 ||    57
